 Dungeon Sprint DCSS version 0.16.1-28-gcc2312f (webtiles) character file.

176 Kidiri the Thaumaturge (level 5, -2/28 HPs)
             Began as a Deep Elf Summoner on May 29, 2015.
             Was a Follower of Sif Muna.
             Asphyxiated
             ... in the Dungeon (Sprint I: "Red Sonja").
             The game lasted 00:04:44 (776 turns).

Kidiri the Thaumaturge (Deep Elf Summoner)           Turns: 776, Time: 00:04:44

Health: -2/28      AC:  2    Str:  5    XL:     5   Next: 30%
Magic:  4/23       EV: 13    Int: 21    God:    Sif Muna [*.....]
Gold:   333        SH:  0    Dex: 15    Spells: 6 memorised, 4 levels left

rFire  . . .     SeeInvis .     (no weapon)
rCold  . . .     Clarity  .     a - +0 robe
rNeg   . . .     SustAb   .     (no shield)
rPois  .         Gourm    .     (no helmet)
rElec  .         Spirit   .     (no cloak)
rCorr  .         Warding  .     (no gloves)
rMut   .         NoTele   +     (no boots)
MR     .....                    (no amulet)
Stlth  ++........               (no ring)
                                (no ring)

@: lethally poisoned (-2 -> -48), short of breath, slowed, very slow, not
resistant to hostile enchantments, unstealthy
A: no striking features
a: Channel Energy, Renounce Religion


You were in the Dungeon.
You worshipped Sif Muna.
Sif Muna was aware of your devotion.
You were not hungry.

You visited 1 branch You collected 333 gold pieces.

Inventory:

Armour
 a - a +0 robe (worn)
Potions
 d - a potion of curing
 e - a potion of heal wounds
 f - a potion of haste
 g - 2 potions of magic
 h - a potion of berserk rage
Books
 b - a book of Callings

   Spells                             Type                      Level
   a - Summon Small Mammal            Summoning                    1
   b - Call Imp                       Summoning                    2
   c - Call Canine Familiar           Summoning                    3
   d - Summon Guardian Golem          Hexes/Summoning              4
   e - Summon Lightning Spire         Summoning/Air                4
   f - Summon Ice Beast               Ice/Summoning                4
Comestibles
 c - a bread ration


   Skills:
 - Level 2.4 Dodging
 - Level 2.4 Stealth
 + Level 9.0 Spellcasting
 * Level 4.1 Hexes
 + Level 8.3 Summonings
 * Level 3.4 Ice Magic
 * Level 3.1 Air Magic


You had 4 spell levels left.
You knew the following spells:

 Your Spells              Type           Power        Failure   Level  Hunger
a - Summon Small Mammal   Summ           ####         1%          1    None
b - Call Imp              Summ           #####...     1%          2    None
c - Call Canine Familiar  Summ           #####...     1%          3    None
d - Summon Guardian Gole  Hex/Summ       #####...     6%          4    ##.....
e - Summon Ice Beast      Ice/Summ       ####....     8%          4    ##.....
f - Summon Lightning Spi  Summ/Air       ####....     10%         4    ##.....


Dungeon Overview and Level Annotations

Branches:
Dungeon (1/1)

Altars:
Elyvilon
Gozag
Kikubaaqudgha
Makhleb
Nemelex Xobeh
Okawaru
Qazlal
Ru
Sif Muna
Trog
Vehumet
Xom
Yredelemnul
Zin
The Shining One

Shops:
D :

Annotations:
D Sonja


Message History

Sonja shouts!
Sonja unwields an uncursed short sword of distortion.
Its appearance distorts for a moment.
Sonja wields a blowgun.
Sonja shoots a curare-tipped needle.
The curare-tipped needle hits you.
You are poisoned.
You have difficulty breathing.
You feel yourself slow down.
Found 54 gold pieces.
You swap places.
You feel sick.
Sonja shoots a curare-tipped needle.
The curare-tipped needle barely misses your ice beast.
The curare-tipped needle hits you.
You are lethally poisoned!
You have difficulty breathing.
* * * LOW HITPOINT WARNING * * *
You feel as though you will be slow longer.
Sonja shoots a curare-tipped needle.
The curare-tipped needle barely misses your ice beast.
The curare-tipped needle hits you.
You are more poisoned.
You have difficulty breathing.
You die...

################
#<.#..'.)#..'..#
#..)..#..'..#..+
#..#####)#####'#
#..####..#...#.#
#..#__####..##(#
#..#_..__##8#..+
#⌠⌠#_.∩...Y@Y._#
####_..._##Y8#'#
#_____###'#.#
####### .### .$
K$# .## +#


You could see Sonja, a friendly guardian golem, 3 friendly ice beasts and a
friendly lightning spire.

Vanquished Creatures (collateral kills)
  A yak (D)
  An ogre (D)
  Sigmund (D)
  A jelly (D)
  Ijyb (D)
5 creatures vanquished.

Vanquished Creatures (others)
  A gargoyle (D)
  An iron imp (D)
  A white imp (D)
  A quokka (D)
4 creatures vanquished.

Grand Total: 9 creatures vanquished

Notes
Turn   | Place    | Note
--------------------------------------------------------------
     0 | D        | Kidiri, the Deep Elf Summoner, began the quest for the Orb.
     0 | D        | Reached XP level 1. HP: 10/10 MP: 5/5
     6 | D        | Noticed Ijyb
    18 | D        | Killed Ijyb
    18 | D        | Reached skill level 5 in Summonings
    18 | D        | Reached XP level 2. HP: 15/15 MP: 2/10
    22 | D        | Learned a level 2 spell: Call Imp
    87 | D        | Noticed an ogre
   117 | D        | Killed an ogre
   117 | D        | Reached skill level 7 in Spellcasting
   117 | D        | Reached XP level 3. HP: 19/19 MP: 1/17
   231 | D        | Learned a level 3 spell: Call Canine Familiar
   255 | D        | Noticed Sigmund
   269 | D        | Killed Sigmund
   269 | D        | Reached skill level 8 in Spellcasting
   269 | D        | Reached XP level 4. HP: 24/24 MP: 7/21
   436 | D        | Killed a gargoyle
   620 | D        | Learned a level 4 spell: Summon Guardian Golem
   625 | D        | Learned a level 4 spell: Summon Ice Beast
   630 | D        | Learned a level 4 spell: Summon Lightning Spire
   632 | D        | Found a deep blue altar of Sif Muna.
   633 | D        | Noticed a jelly
   634 | D        | Found a radiant altar of Vehumet.
   640 | D        | Killed a jelly
   640 | D        | Reached skill level 1 in Hexes
   640 | D        | Reached skill level 1 in Ice Magic
   640 | D        | Reached skill level 1 in Air Magic
   651 | D        | Became a worshipper of Sif Muna the Loreminder
   677 | D        | Found Puocoog's Book Emporium.
   677 | D        | Found a white marble altar of Elyvilon.
   677 | D        | Found a burning altar of Makhleb.
   677 | D        | Found a sacrificial altar of Ru.
   677 | D        | Found a glowing golden altar of the Shining One.
   677 | D        | Found an opulent altar of Gozag.
   677 | D        | Found a glowing silver altar of Zin.
   677 | D        | Noticed a yak
   678 | D        | Found a stormy altar of Qazlal.
   678 | D        | Found a basalt altar of Yredelemnul.
   678 | D        | Found a shimmering altar of Xom.
   682 | D        | Killed a yak
   682 | D        | Acquired Sif Muna's first power
   682 | D        | Reached skill level 9 in Spellcasting
   682 | D        | Reached XP level 5. HP: 18/28 MP: 10/23
   755 | D        | Found an iron altar of Okawaru.
   755 | D        | Found a sparkling altar of Nemelex Xobeh.
   755 | D        | Found an ancient bone altar of Kikubaaqudgha.
   756 | D        | Found a bloodstained altar of Trog.
   775 | D        | Noticed Sonja
   776 | D        | Asphyxiated

Action                   |  1- 3 |  4- 6 || total
-------------------------+-------+-------++-------
 Cast: Summon Small Mamm |     5 |       ||     5
       Call Imp          |    11 |       ||    11
       Call Canine Famil |     1 |       ||     1
       Summon Ice Beast  |       |     5 ||     5
       Summon Lightning  |       |     3 ||     3
       Summon Guardian G |       |     1 ||     1
  Use: Scroll            |     1 |       ||     1
